MLB
MILWAUKEE BREWERS @ ST. LOUIS CARDINALS
09/22/2020
 
TOP OF THE 1ST
Milwaukee Brewers batting - Pitching for St. Louis Cardinals : RHP Mitch Keller
Pitching: RHP Mitch Keller
Batting: RHB Bo Bichette 0-0: Ground out 6-3 (Groundball, 6, EV 102.5 MPH)
Batting: LHB Jeff McNeil 0-0: Ball
1-0: Ball
2-0: Foul Ball, location: 2F
2-1: Ball
3-1: Foul Ball, location: 2F
3-2: Base on Balls
Batting: RHB Eugenio Suarez 0-0: Ball
1-0: Ball
2-0: Called Strike
2-1: Swinging Strike
2-2: Fielders Choice at 2nd, 3-6 (Groundball, 23, EV 86.3 MPH)
Batting: RHB Aaron Judge 0-0: Ball
1-0: Ball
2-0: Foul Ball, location: 2F
2-1: Swinging Strike
2-2: Ball
3-2: Foul Ball, location: 2F
3-2: Strikes out swinging
Top of the 1st over - 0 runs, 0 hits, 0 errors, 1 left on base; Milwaukee 0 - St. Louis 0
BOTTOM OF THE 1ST
St. Louis Cardinals batting - Pitching for Milwaukee Brewers : RHP Collin McHugh
Pitching: RHP Collin McHugh
Batting: LHB Juan Soto 0-0: Swinging Strike
0-1: Ball
1-1: Foul Ball, location: 2F
1-2: Ball
2-2: Foul Ball, location: 2F
2-2: Ball
3-2: Fly out, F9 (Flyball, 9LD, EV 98.1 MPH)
Batting: SHB Ozzie Albies 0-0: Called Strike
0-1: Swinging Strike
0-2: Strikes out looking
Batting: RHB Alex Bregman 0-0: Called Strike
0-1: Ball
1-1: SINGLE (Groundball, 25, EV 61.9 MPH) (infield hit)
Batting: RHB Todd Frazier 0-0: Ball
1-0: Ball
2-0: Fly out, F5 (Popup, 5S, EV 73.1 MPH)
Bottom of the 1st over - 0 runs, 1 hit, 0 errors, 1 left on base; Milwaukee 0 - St. Louis 0
TOP OF THE 2ND
Milwaukee Brewers batting - Pitching for St. Louis Cardinals : RHP Mitch Keller
Batting: RHB Gary Sanchez 0-0: Fly out, F7 (Flyball, 7LM, EV 93.1 MPH)
Batting: LHB Eric Hosmer 0-0: SINGLE (Flyball, 7S, EV 91.9 MPH)
Batting: RHB Yonathan Daza 0-0: Swinging Strike
0-1: Ball
1-1: Ground out 6-3 (Groundball, P, EV 91.3 MPH)
Eric Hosmer to second
Batting: LHB Ben Gamel 0-0: Called Strike
0-1: SINGLE (Groundball, 4S, EV 69.4 MPH) (infield hit)
Eric Hosmer to third
Batting: RHB Collin McHugh 0-0: Swinging Strike
0-1: Ball
1-1: SINGLE (Line Drive, 3, EV 66.3 MPH) (infield hit)
Eric Hosmer scores
Ben Gamel to second
Batting: RHB Bo Bichette 0-0: Fly out, F8 (Flyball, 8LXD, EV 77.5 MPH)
Top of the 2nd over - 1 run, 3 hits, 0 errors, 2 left on base; Milwaukee 1 - St. Louis 0
BOTTOM OF THE 2ND
St. Louis Cardinals batting - Pitching for Milwaukee Brewers : RHP Collin McHugh
Batting: SHB Yasmani Grandal 0-0: Called Strike
0-1: Swinging Strike
0-2: Ball
1-2: Ball
2-2: Strikes out swinging
Batting: RHB Luis Urias 0-0: Ball
1-0: Ball
2-0: Swinging Strike
2-1: Ground out 2-3 (Groundball, 2L, EV 71.9 MPH)
Batting: RHB Hernan Perez 0-0: DOUBLE (Flyball, 89XD, EV 99.4 MPH)
Batting: RHB Mitch Keller 0-0: Ball
1-0: Ball
2-0: Fly out, F9 (Flyball, 9, EV 93.1 MPH)
Bottom of the 2nd over - 0 runs, 1 hit, 0 errors, 1 left on base; Milwaukee 1 - St. Louis 0
TOP OF THE 3RD
Milwaukee Brewers batting - Pitching for St. Louis Cardinals : RHP Mitch Keller
Batting: LHB Jeff McNeil 0-0: Foul Ball, location: 2F
0-1: Ground out 1-3 (Groundball, 15S, EV 70.0 MPH)
Batting: RHB Eugenio Suarez 0-0: Foul Ball, location: 2F
0-1: Foul Ball, location: 2F
0-2: Strikes out swinging
Batting: RHB Aaron Judge 0-0: Called Strike
0-1: Ball
1-1: Called Strike
1-2: Ball
2-2: Foul Ball, location: 2F
2-2: Strikes out looking
Top of the 3rd over - 0 runs, 0 hits, 0 errors, 0 left on base; Milwaukee 1 - St. Louis 0
BOTTOM OF THE 3RD
St. Louis Cardinals batting - Pitching for Milwaukee Brewers : RHP Collin McHugh
Batting: LHB Brett Phillips 0-0: Ball
1-0: Ball
2-0: Swinging Strike
2-1: Ball
3-1: Base on Balls
Batting: LHB Juan Soto 0-0: Ball
1-0: Ball
2-0: Ball
3-0: Called Strike
3-1: Base on Balls
Brett Phillips to second
Batting: SHB Ozzie Albies 0-0: SINGLE (Line Drive, 8RS, EV 110.0 MPH)
Brett Phillips to third
Juan Soto to second
Batting: RHB Alex Bregman 0-0: Foul Ball, location: 2F
0-1: Called Strike
0-2: Ball
1-2: GRAND SLAM HOME RUN (Flyball, 78XD, EV 92.5 MPH), Distance : 394 ft
Batting: RHB Todd Frazier 0-0: Ball
1-0: Called Strike
1-1: Foul Ball, location: 2F
1-2: SOLO HOME RUN (Flyball, 78XD, EV 89.4 MPH), Distance : 397 ft
Pitching: LHP Jose Quijada
Batting: SHB Yasmani Grandal 0-0: Foul Ball, location: 2F
0-1: Ball
1-1: Foul Ball, location: 2F
1-2: Ball
2-2: Ball
3-2: Base on Balls
Batting: RHB Luis Urias 0-0: Swinging Strike
0-1: Foul Ball, location: 2F
0-2: SINGLE (Line Drive, 34, EV 98.1 MPH)
Yasmani Grandal to second
Batting: RHB Hernan Perez 0-0: Ball
1-0: Swinging Strike
1-1: DOUBLE (Line Drive, 89D, EV 100.0 MPH)
Yasmani Grandal scores
Luis Urias to third
Batting: RHB Mitch Keller 0-0: Ground out 4-3 (Groundball, 4, EV 86.9 MPH)
Luis Urias scores
Hernan Perez to third
Batting: LHB Brett Phillips 0-0: Swinging Strike
0-1: Foul Ball, location: 2F
0-2: Ball
1-2: Ball
2-2: Foul Ball, location: 2F
2-2: Ball
3-2: Foul Ball, location: 2F
3-2: Base on Balls
Pitching: RHP Robert Stock
Batting: LHB Juan Soto 0-0: Reached via error on a dropped throw from 2B, E6 (Groundball, 4, EV 85.6 MPH)
Hernan Perez scores
Brett Phillips to second
Batting: SHB Ozzie Albies 0-0: Called Strike
0-1: Ball
1-1: Called Strike
1-2: Ball
2-2: Foul Ball, location: 2F
2-2: 3-RUN HOME RUN (Flyball, 9D, EV 90.0 MPH), Distance : 396 ft
Batting: RHB Alex Bregman 0-0: Ball
1-0: Ball
2-0: Foul Ball, location: 2F
2-1: Ball
3-1: Base on Balls
Batting: RHB Todd Frazier 0-0: Called Strike
0-1: Swinging Strike
0-2: Strikes out swinging
Batting: SHB Yasmani Grandal 0-0: Ball
1-0: Ball
2-0: Ball
3-0: Base on Balls
Alex Bregman to second
Batting: RHB Luis Urias 0-0: Ball
1-0: SINGLE (Groundball, 56D, EV 99.4 MPH)
Alex Bregman to third
Yasmani Grandal to second
Batting: RHB Hernan Perez 0-0: Foul Ball, location: 2F
0-1: Swinging Strike
0-2: Ball
1-2: Ball
2-2: Ball
3-2: Foul Ball, location: 2F
3-2: Foul Ball, location: 2F
3-2: Foul Ball, location: 2F
3-2: SINGLE (Line Drive, 4, EV 64.4 MPH) (infield hit)
Alex Bregman scores
Yasmani Grandal to third
Luis Urias to second
Batting: RHB Mitch Keller 0-0: Foul Ball, location: 2F
0-1: SINGLE (Groundball, 6MD, EV 103.8 MPH)
Yasmani Grandal scores
Luis Urias to third
Hernan Perez to second
Runner from 3rd tries for Home, SAFE, throw by CF to home
Pitching: RHP Mark Melancon
Batting: LHB Brett Phillips 0-0: Swinging Strike
0-1: Ground out 4-3 (Groundball, 4, EV 80.6 MPH)
Bottom of the 3rd over - 14 runs, 9 hits, 1 error, 2 left on base; Milwaukee 1 - St. Louis 14
TOP OF THE 4TH
Milwaukee Brewers batting - Pitching for St. Louis Cardinals : RHP Mitch Keller
Batting: RHB Gary Sanchez 0-0: Foul Ball, location: 2F
0-1: Called Strike
0-2: Ball
1-2: Foul Ball, location: 2F
1-2: Ground out 6-3 (Groundball, 6D, EV 85.6 MPH)
Batting: LHB Eric Hosmer 0-0: Foul Ball, location: 2F
0-1: Swinging Strike
0-2: Ball
1-2: Foul Ball, location: 2F
1-2: Strikes out swinging
Batting: RHB Yonathan Daza 0-0: Ball
1-0: Ball
2-0: Foul Ball, location: 2F
2-1: Foul Ball, location: 2F
2-2: SINGLE (Groundball, 56S, EV 71.9 MPH) (infield hit)
Batting: LHB Ben Gamel 0-0: Ball
1-0: Swinging Strike
1-1: SINGLE (Groundball, 6MD, EV 115.0 MPH)
Yonathan Daza to second
Pinch Hitting: LHB Mason Williams 0-0: Called Strike
0-1: Ball
1-1: Foul Ball, location: 2F
1-2: Ball
2-2: Ground out 4-3 (Groundball, 4, EV 103.8 MPH)
Top of the 4th over - 0 runs, 2 hits, 0 errors, 2 left on base; Milwaukee 1 - St. Louis 14
BOTTOM OF THE 4TH
St. Louis Cardinals batting - Pitching for Milwaukee Brewers : RHP Mark Melancon
Pitching: RHP Joel Kuhnel
Batting: LHB Juan Soto 0-0: Called Strike
0-1: Ball
1-1: Ball
2-1: Foul Ball, location: 2F
2-2: Foul Ball, location: 2F
2-2: Fly out, F8 (Line Drive, 8LM, EV 98.8 MPH)
Batting: SHB Ozzie Albies 0-0: Foul Ball, location: 2F
0-1: Ball
1-1: Swinging Strike
1-2: Strikes out swinging
Batting: RHB Alex Bregman 0-0: SINGLE (Groundball, 5S, EV 71.9 MPH) (infield hit)
Batting: RHB Todd Frazier 0-0: Foul Ball, location: 2F
0-1: Ball
1-1: Swinging Strike
1-2: SINGLE (Line Drive, 34D, EV 106.9 MPH)
Alex Bregman to second
Batting: SHB Yasmani Grandal 0-0: Ball
1-0: Ball
2-0: Called Strike
2-1: Swinging Strike
2-2: Foul Ball, location: 2F
2-2: Strikes out looking
Bottom of the 4th over - 0 runs, 2 hits, 0 errors, 2 left on base; Milwaukee 1 - St. Louis 14
TOP OF THE 5TH
Milwaukee Brewers batting - Pitching for St. Louis Cardinals : RHP Mitch Keller
Batting: RHB Bo Bichette 0-0: Ball
1-0: Ball
2-0: Ball
3-0: Called Strike
3-1: Base on Balls
Batting: LHB Jeff McNeil 0-0: Ball
1-0: Ball
2-0: Ball
3-0: Base on Balls
Bo Bichette to second
Batting: RHB Eugenio Suarez 0-0: Called Strike
0-1: Foul Ball, location: 2F
0-2: Foul Ball, location: 2F
0-2: Strikes out swinging
Batting: RHB Aaron Judge 0-0: Called Strike
0-1: Ball
1-1: Ball
2-1: Foul Ball, location: 2F
2-2: Ball
3-2: Base on Balls
Bo Bichette to third
Jeff McNeil to second
Batting: RHB Gary Sanchez 0-0: Ball
1-0: Foul Ball, location: 2F
1-1: Swinging Strike
1-2: Foul Ball, location: 2F
1-2: Ball
2-2: Grounds into double play, 6-4-3 (Groundball, 56, EV 101.9 MPH)
Top of the 5th over - 0 runs, 0 hits, 0 errors, 2 left on base; Milwaukee 1 - St. Louis 14
BOTTOM OF THE 5TH
St. Louis Cardinals batting - Pitching for Milwaukee Brewers : RHP Joel Kuhnel
Batting: RHB Luis Urias 0-0: Ball
1-0: Ground out 4-3 (Groundball, 4, EV 83.1 MPH)
Batting: RHB Hernan Perez 0-0: Ball
1-0: Ball
2-0: Ball
3-0: Base on Balls
Pinch Hitting: LHB Matt Olson
Pitching: RHP Andrew Kittredge 0-0: Called Strike
0-1: Foul Ball, location: 2F
0-2: Ball
1-2: Strikes out swinging
Batting: LHB Brett Phillips 0-0: Ground out U3 (Groundball, 3S, EV 78.8 MPH)
Bottom of the 5th over - 0 runs, 0 hits, 0 errors, 1 left on base; Milwaukee 1 - St. Louis 14
TOP OF THE 6TH
Milwaukee Brewers batting - Pitching for St. Louis Cardinals : RHP Mitch Keller
Pitching: RHP Ethan DeCaster
Batting: LHB Eric Hosmer 0-0: Ball
1-0: Swinging Strike
1-1: Ground out 4-3 (Groundball, 34D, EV 100.6 MPH)
Batting: RHB Yonathan Daza 0-0: Foul Ball, location: 2F
0-1: Fly out, F4 (Flyball, 4D, EV 83.8 MPH)
Batting: LHB Ben Gamel 0-0: Ball
1-0: Called Strike
1-1: Ground out 6-3 (Groundball, 6, EV 106.9 MPH)
Top of the 6th over - 0 runs, 0 hits, 0 errors, 0 left on base; Milwaukee 1 - St. Louis 14
BOTTOM OF THE 6TH
St. Louis Cardinals batting - Pitching for Milwaukee Brewers : RHP Andrew Kittredge
Batting: LHB Juan Soto 0-0: Called Strike
0-1: Ball
1-1: Swinging Strike
1-2: Foul Ball, location: 2F
1-2: Strikes out swinging
Batting: SHB Ozzie Albies 0-0: Swinging Strike
0-1: Ball
1-1: Ball
2-1: Ball
3-1: Foul Ball, location: 2F
3-2: Foul Ball, location: 2F
3-2: Fly out, F9 (Flyball, 9S, EV 77.5 MPH)
Batting: RHB Alex Bregman 0-0: Foul Ball, location: 2F
0-1: Foul Ball, location: 2F
0-2: SINGLE (Line Drive, 4MD, EV 105.0 MPH)
Batting: RHB Todd Frazier 0-0: Foul Ball, location: 2F
0-1: Foul Ball, location: 2F
0-2: Fielders Choice at 2nd, 6-4 (Groundball, 6, EV 89.4 MPH)
Bottom of the 6th over - 0 runs, 1 hit, 0 errors, 1 left on base; Milwaukee 1 - St. Louis 14
TOP OF THE 7TH
Milwaukee Brewers batting - Pitching for St. Louis Cardinals : RHP Ethan DeCaster
Pinch Hitting: RHB Dawel Lugo 0-0: DOUBLE (Line Drive, 7LS, EV 92.5 MPH)
Batting: RHB Bo Bichette 0-0: Ball
1-0: Foul Ball, location: 2F
1-1: Called Strike
1-2: DOUBLE (Flyball, 8RXD, EV 100.0 MPH)
Dawel Lugo scores
Batting: LHB Jeff McNeil 0-0: Called Strike
0-1: Foul Ball, location: 2F
0-2: Ground out 5-3 (Groundball, 5, EV 83.8 MPH)
Batting: RHB Eugenio Suarez 0-0: Called Strike
0-1: Foul Ball, location: 2F
0-2: Ball
1-2: Ball
2-2: Strikes out swinging
Batting: RHB Aaron Judge 0-0: Called Strike
0-1: Ball
1-1: Called Strike
1-2: Foul Ball, location: 2F
1-2: Ball
2-2: Ball
3-2: Fly out, F1 (Popup, 13, EV 71.3 MPH)
Top of the 7th over - 1 run, 2 hits, 0 errors, 1 left on base; Milwaukee 2 - St. Louis 14
BOTTOM OF THE 7TH
St. Louis Cardinals batting - Pitching for Milwaukee Brewers : RHP Andrew Kittredge
Pitching: RHP Chad Green
Batting: SHB Yasmani Grandal 0-0: Swinging Strike
0-1: Ball
1-1: Swinging Strike
1-2: Strikes out swinging
Batting: RHB Luis Urias 0-0: Ball
1-0: Ball
2-0: Swinging Strike
2-1: Fly out, F9 (Flyball, 89D, EV 83.1 MPH)
Batting: RHB Hernan Perez 0-0: Called Strike
0-1: Fly out, F1 (Line Drive, P, EV 69.4 MPH)
Bottom of the 7th over - 0 runs, 0 hits, 0 errors, 0 left on base; Milwaukee 2 - St. Louis 14
TOP OF THE 8TH
Milwaukee Brewers batting - Pitching for St. Louis Cardinals : RHP Ethan DeCaster
Batting: RHB Gary Sanchez 0-0: Foul Ball, location: 2F
0-1: Swinging Strike
0-2: Ground out 1-3 (Groundball, 15, EV 72.5 MPH)
Batting: LHB Eric Hosmer 0-0: Ball
1-0: Called Strike
1-1: Called Strike
1-2: Ball
2-2: Ball
3-2: Foul Ball, location: 2F
3-2: Base on Balls
Pitching: RHP Ben Rowen
Batting: RHB Yonathan Daza 0-0: Called Strike
0-1: Ball
1-1: Foul Ball, location: 2F
1-2: Ball
2-2: SINGLE (Groundball, 6MD, EV 105.0 MPH)
Eric Hosmer to second
Batting: LHB Ben Gamel 0-0: Called Strike
0-1: Foul Ball, location: 2F
0-2: Ball
1-2: Foul Ball, location: 2F
1-2: Strikes out swinging
Pinch Hitting: LHB Brad Miller 0-0: Called Strike
0-1: Ball
1-1: Foul Ball, location: 2F
1-2: Ball
2-2: Strikes out swinging
Top of the 8th over - 0 runs, 1 hit, 0 errors, 2 left on base; Milwaukee 2 - St. Louis 14
BOTTOM OF THE 8TH
St. Louis Cardinals batting - Pitching for Milwaukee Brewers : RHP Chad Green
Pitching: RHP Sean Poppen
Pinch Hitting: SHB Domingo Leyba 0-0: Called Strike
0-1: Ball
1-1: Ball
2-1: Called Strike
2-2: Foul Ball, location: 2F
2-2: Foul Ball, location: 2F
2-2: Ball
3-2: Strikes out swinging
Batting: LHB Brett Phillips 0-0: Swinging Strike
0-1: Ball
1-1: Ball
2-1: Foul Ball, location: 2F
2-2: Foul Ball, location: 2F
2-2: Strikes out swinging
Batting: LHB Juan Soto 0-0: Called Strike
0-1: Ball
1-1: Ball
2-1: Ball
3-1: Swinging Strike
3-2: Base on Balls
Batting: SHB Ozzie Albies 0-0: Ball
1-0: Ball
2-0: Called Strike
2-1: Ball
3-1: Base on Balls
Juan Soto to second
Batting: RHB Alex Bregman 0-0: Foul Ball, location: 2F
0-1: Foul Ball, location: 2F
0-2: Strikes out swinging
Bottom of the 8th over - 0 runs, 0 hits, 0 errors, 2 left on base; Milwaukee 2 - St. Louis 14
TOP OF THE 9TH
Milwaukee Brewers batting - Pitching for St. Louis Cardinals : RHP Ben Rowen
Pitching: RHP Dillon Maples
Batting: RHB Bo Bichette 0-0: Called Strike
0-1: Swinging Strike
0-2: Strikes out looking
Batting: LHB Jeff McNeil 0-0: Ball
1-0: Foul Ball, location: 2F
1-1: Ball
2-1: Ball
3-1: Ground out 6-3 (Groundball, 6S, EV 85.0 MPH)
Batting: RHB Eugenio Suarez 0-0: Called Strike
0-1: Ball
1-1: Ball
2-1: SOLO HOME RUN (Flyball, 9D, EV 95.0 MPH), Distance : 371 ft
Batting: RHB Aaron Judge 0-0: Foul Ball, location: 2F
0-1: Ball
1-1: Swinging Strike
1-2: Ball
2-2: Ball
3-2: Base on Balls
Batting: RHB Gary Sanchez 0-0: Called Strike
0-1: Called Strike
0-2: Hit by Pitch
Aaron Judge to second
Batting: LHB Eric Hosmer 0-0: Ball
1-0: Swinging Strike
1-1: Ball
2-1: Ball
3-1: Fly out, F7 (Flyball, 7D, EV 87.5 MPH)
Top of the 9th over - 1 run, 1 hit, 0 errors, 2 left on base; Milwaukee 3 - St. Louis 14
Monday, November 30th, 2020 - OOTP Baseball 21.6 Build 83